 Dungeon Sprint DCSS version 0.30-a0-964-gd452b5e7fa (webtiles) character file.

Game seed: 14073737103439462934

596 dialectric the Unseen (level 7, 0/38 HPs)
             Began as a Spriggan Brigand on Mar 30, 2023.
             Slain by a wyvern (6 damage)
             ... in the Dungeon (Sprint II: "The Violet Keep of Menkaure").
             The game lasted 00:00:46 (90 turns).

dialectric the Unseen (Spriggan Brigand)              Turns: 90, Time: 00:00:47

Health: 0/38       AC:  3    Str:  7    XL:     7   Next: 17%
Magic:  8/8        EV: 18    Int: 13    God:
Gold:   729        SH:  0    Dex: 18    Spells: 6/6 levels left

rFire   . . .      SeeInvis +    a - +2 dagger
rCold   . . .      Faith    .    (no shield)
rNeg    . . .      Spirit   .    b - +0 robe
rPois   .          Reflect  .    (helmet restricted)
rElec   .          Rampage  .    c - +0 cloak
rCorr   .          NoTele   +    (gloves unavailable)
Will    +....                    (boots unavailable)
Stlth   ++++++++                 (no amulet)
HPRegen 0.26/turn                (no ring)
MPRegen 0.11/turn                (no ring)

@: on berserk cooldown, slowed, quick
A: very small, no large weapons, unfitting armour, see invisible, speed 3
a: no special abilities


You were in the Dungeon.
You visited 1 branch You collected 729 gold pieces.

Inventory:

Hand Weapons
 a - a +2 dagger (weapon)
Missiles
 d - 9 poisoned darts
 e - a curare-tipped dart (quivered)
Armour
 b - a +0 robe (worn)
 c - a +0 cloak (worn)
Scrolls
 k - a scroll of blinking
Potions
 f - a potion of curing
 g - a potion of heal wounds
 h - a potion of haste
 i - 2 potions of magic


   Skills:
 + Level 4.4 Fighting
 + Level 6.7 Short Blades
 - Level 2.0 Throwing
 + Level 3.8 Dodging
 + Level 20.2 Stealth


You had 6 spell levels left.
You didn't know any spells.
Your spell library was empty.

Dungeon Overview and Level Annotations

Branches:
Dungeon (1/1)

Altars:

Annotations:
D Roxanne


Innate Abilities, Weirdness & Mutations

You are very small and have problems with some larger weapons.
You are too small for most types of armour.
You have supernaturally acute eyesight. (SInv)
You cover ground extremely quickly. (Speed+++)


Message History

The necrophage hits you.
You feel drained. The necrophage hits you.
You puncture the necrophage!
The necrophage is severely damaged.
You hit the necrophage.
The necrophage is severely damaged.
You puncture the necrophage!
You destroy the necrophage!
The necrophage hits you.
Your life force feels restored.
You have reached level 7!
You puncture the necrophage!
The necrophage is moderately damaged.
You puncture the necrophage!
The necrophage is heavily damaged.
The necrophage barely misses you.
You puncture the necrophage!
You destroy the necrophage!
Your Stealth skill increases to level 20!
You are no longer berserk.
You are exhausted.
You feel yourself slow down.
You see here a necrophage corpse.
You now have 729 gold pieces (gained 243).
You see here a necrophage corpse.
There is an open door, spattered with blood here.
You see here a necrophage corpse.
There is a staircase leading out of the dungeon here.
As you open the door, it creaks loudly!
The wyvern hisses angrily. x2
The wyvern hisses menacingly.
The wyvern barely misses you.
Unknown command.
The wyvern attacks as you move away! The wyvern bites you.
There is a staircase leading out of the dungeon here.
The wyvern attacks as you move away! The wyvern misses you.
The wyvern attacks as you move away! The wyvern completely misses you.
The wyvern bites you!
* * * LOW HITPOINT WARNING * * *
There is an open door here.
The wyvern attacks as you move away! The wyvern bites you.
You die...

###~~#+++#+++##
##~~~.........#
.#~~~~.##'##..#
.#~~~~##.#.##
.#~~~~#.†#.†#
.#~~#####.### #
.#~##.###'# .#
.#~#.†.##.##.#
.+ +##.@ll.'#
####.##.# ##†##
.# #.††# #
#..#..# ##.#.##
##+##


You could see 2 wyverns.

Vanquished Creatures
  Menkaure (D)
  4 scorpions (D)
  4 necrophages (D)
  2 worms (D)
11 creatures vanquished.

Vanquished Creatures (others)
  A water moccasin (D)
1 creature vanquished.

Grand Total: 12 creatures vanquished

Notes
Turn   | Place    | Note
-------+----------+-------------------------------------------
     0 | D        | dialectric the Spriggan Brigand began the quest for the
                  | Orb.
     0 | D        | Reached XP level 1. HP: 10/10 MP: 2/2
     5 | D        | Reached skill level 7 in Stealth
    11 | D        | Reached skill level 8 in Stealth
    23 | D        | Noticed a wyvern
    23 | D        | Noticed a wyvern
    26 | D        | Noticed a scorpion
    26 | D        | Noticed a scorpion
    28 | D        | Noticed a scorpion
    28 | D        | Noticed a scorpion
    29 | D        | Killed a scorpion
    30 | D        | Reached skill level 11 in Stealth
    30 | D        | Reached XP level 2. HP: 16/16 MP: 3/3
    30 | D        | Reached XP level 3. HP: 19/19 MP: 4/4
    30 | D        | Killed a scorpion
    31 | D        | Reached skill level 14 in Stealth
    31 | D        | Reached XP level 4. HP: 23/23 MP: 5/5
    32 | D        | Killed a scorpion
    33 | D        | Reached skill level 15 in Stealth
    33 | D        | Reached XP level 5. HP: 20/28 MP: 6/6
    39 | D        | Reached skill level 16 in Stealth
    43 | D        | Noticed Roxanne
    45 | D        | Noticed Menkaure
    47 | D        | Killed Menkaure
    48 | D        | Reached skill level 5 in Short Blades
    48 | D        | Reached skill level 18 in Stealth
    48 | D        | Reached XP level 6. HP: 25/33 MP: 7/7
    57 | D        | Killed a water moccasin
    64 | D        | Reached skill level 19 in Stealth
    76 | D        | Reached XP level 7. HP: 22/38 MP: 8/8
    79 | D        | Reached skill level 20 in Stealth
    90 | D        | Slain by a wyvern

Illustrated notes

Levels and vault maps discovered:
D:        the_violet_keep_of_menkaure [sprint2_stairs_cluster_1,
          sprint2_shoproom, sprint2_temple, sprint2_basic_supplies,
          sprint2_obstacle_7, sprint2_obstacle_3, sprint2_obstacle_6,
          sprint2_obstacle_2, sprint2_obstacle_4, sprint2_timed_cluster_1,
          sprint2_smallroom_cluster_1, sprint2_smallroom_final_cluster_1,
          sprint2_transparent_cluster_1, sprint2_second_timed_cluster_1,
          sprint2_sniper_area_1, sprint2_heavy_combat_area_1,
          sprint2_mutation_trap_area_1, sprint2_forest_area_1,
          sprint2_light_combat_area_1, sprint2_behind_water_1,
          sprint2_near_end_vault_1]

Skill      XL: |  1  2  3  4  5  6  7 |
---------------+----------------------+-----
Stealth        | 11 14 15 18 19 20 | 20.2
Fighting       | 2 3 4 |  4.4
Short Blades   | 3 4 5 6 |  6.7
Dodging        | 2 3 |  3.8
Throwing       | |  2.0

Action                     |  1- 3 |  4- 6 |  7- 9 || total
---------------------------+-------+-------+-------++-------
  Melee: Dagger            |     4 |    21 |     3 ||    28
  Throw: Dart              |     3 |     2 |       ||     5
    Use: Potion            |       |     1 |       ||     1
   Stab: Sleeping          |     3 |     2 |       ||     5
  Dodge: Dodged            |     2 |    11 |     4 ||    17

Table legend: (Time is in decaauts)
 A = Elapsed time spent in this place.
 B = Non-inter-level travel time spent in this place.
 C = Inter-level travel time spent in this place.
 D = Time resting spent in this place.
 E = Time spent auto-exploring this place.
 F = Levels seen in this place.
 G = Mean time per level.
                   A        B        C        D        E       F      G
               +--------+--------+--------+--------+--------+-----+--------+
         Total |     62 |     62 |      0 |      0 |      0 |   1 |   62.0 |
       Dungeon |     62 |     62 |      0 |      0 |      0 |   1 |   62.0 |
               +--------+--------+--------+--------+--------+-----+--------+

Top non-repeatable levels by time:
       D: 62 daAuts
